 Dungeon Sprint DCSS version 0.19-a0-1259-g4fc3c0a (webtiles) character file.

713 Groucho the Basher (level 7, -9/66 HPs)
             Began as a Troll Berserker on Aug 28, 2016.
             Was a High Priest of Trog.
             Mangled by a rakshasa
             ... wielding a +0 trident
              (20 damage)
             ... in the Dungeon (Sprint IX: "|||||||||||||||||||||||||||||").
             The game lasted 00:02:50 (657 turns).

Groucho the Basher (Troll Berserker)                 Turns: 657, Time: 00:02:50

Health: -9/66      AC:  6    Str: 29    XL:     7   Next: 41%
Magic:  6/6        EV: 10    Int:  3    God:    Trog [*****.]
Gold:   0          SH:  0    Dex: 14    Spells: 0 memorised, 6 levels left

rFire  . . .     SeeInvis .     m - +2 dire flail (crush)
rCold  . . .     Gourm    +     b - +0 animal skin
rNeg   . . .     Faith    .     (shield currently unavailable)
rPois  .         Spirit   .     (helmet restricted)
rElec  .         Dismiss  .     a - +0 cloak
rCorr  .         Reflect  .     (gloves unavailable)
MR     ++...     Harm     .     (boots unavailable)
Stlth  +......... NoTele   +    (no amulet)
                                o - +3 ring of dexterity
                                n - +3 ring of strength

@: very slightly contaminated, regenerating, invisible
A: unfitting armour, claws 3, fast metabolism 3, gourmand, regeneration 1,
shaggy fur 1, tough skin 2
a: Berserk, Trog's Hand, Brothers in Arms, Burn Spellbooks, Renounce Religion


You were in the Dungeon.
You worshipped Trog.
Trog was extremely pleased with you.
You were very hungry.

You visited 1 branch

Inventory:

Hand Weapons
 m - a +2 dire flail of crushing (weapon)
Armour
 a - a +0 cloak (worn)
 b - a +0 animal skin (worn)
Jewellery
 n - a +3 ring of strength (left claw)
 o - a +3 ring of dexterity (right claw)
Wands
 l - a wand of acid (7/15)
Scrolls
 i - 2 scrolls of blinking
 k - 3 scrolls of remove curse
Potions
 d - 5 potions of curing
 f - a potion of haste
 g - 4 potions of magic
 h - a potion of berserk rage
Comestibles
 c - 2 bread rations


   Skills:
 - Level 2.4 Fighting
 + Level 14.4 Maces & Flails
 - Level 2.4 Dodging


You had 6 spell levels left.
You didn't know any spells.

Dungeon Overview and Level Annotations

Branches:
Dungeon (1/1)

Altars:
Cheibriados
Dithmenos
Elyvilon
Fedhas
Gozag
Hepliaklqana
Kikubaaqudgha
Makhleb
Nemelex Xobeh
Okawaru
Qazlal
Ru
Sif Muna
Trog
Uskayaw
Vehumet
Xom
Yredelemnul
Zin
The Shining One
Beogh
Jiyva
Lugonu


Innate Abilities, Weirdness & Mutations

You are too large for most types of armour.
You have claws for hands.
Your metabolism is lightning-fast.
You like to eat raw meat.
Your natural rate of healing is unusually fast.
You are covered in fur. (AC +1)
You have very tough skin. (AC +2)


Message History

You sock the worker ant!
You kill the worker ant!
Trog accepts your kill. Something appears at your feet! Trog grants you a gift!
You strike the helpless crimson imp from behind!
You puncture the crimson imp!
You kill the crimson imp!
Trog accepts your kill.
The rakshasa blinks!
The rakshasa hits you with a trident.
Unknown command.
Unknown command.
You miss the rakshasa.
The rakshasa is heavily wounded.
You hit the rakshasa.
The rakshasa is heavily wounded.
The rakshasa hits you with a trident!!
* * * LOW HITPOINT WARNING * * *
The rakshasa hits you from afar with a trident!!
You die... ▓▓▓▓▓▓▓▓▓▓▓▓▓▓▓▓▓▓▓▓▓▓▓▓▓▓ +.....)5)@RRR()..[.[)|?.'. ▓▓▓▓▓▓▓▓▓▓▓▓▓▓▓▓▓▓▓▓▓▓▓▓▓▓

You could see 3 rakshasas and a crimson imp.

Vanquished Creatures
  A spriggan (shapeshifter) (D)
  An ice beast (D)
  An orc warrior (D)
  A sky beast (D)
  A centaur (D)
  3 crimson imps (D)
  A jelly (D)
  2 worker ants (D)
  2 shadow imps (D)
  A worm (D)
  A dart slug (D)
  An orc (D)
  A bat zombie (D)
  A giant cockroach (D)
  A kobold (D)
  A giant newt (D)
  A rat (D)
21 creatures vanquished.

Notes
Turn   | Place    | Note
-------+----------+-------------------------------------------
     0 | D        | Groucho the Troll Berserker began the quest for the Orb.
     0 | D        | Reached XP level 1. HP: 22/22 MP: 0/0
     5 | D        | Reached skill level 3 in Maces & Flails
    12 | D        | Reached ** piety under Trog
    14 | D        | Reached skill level 4 in Maces & Flails
    26 | D        | Noticed a crimson imp
    26 | D        | Noticed a worker ant
    26 | D        | Noticed an ice beast
    38 | D        | Killed an ice beast
    38 | D        | Reached skill level 8 in Maces & Flails
    38 | D        | Reached XP level 2. HP: 19/29 MP: 1/1
    38 | D        | Reached XP level 3. HP: 24/36 MP: 2/2
    38 | D        | Reached XP level 4. HP: 30/44 MP: 3/3
    41 | D        | Reached *** piety under Trog
    46 | D        | Reached skill level 9 in Maces & Flails
    61 | D        | Reached skill level 10 in Maces & Flails
    61 | D        | Reached XP level 5. HP: 30/50 MP: 4/4
   242 | D        | Found a roughly hewn altar of Beogh.
   242 | D        | Found a snail-covered altar of Cheibriados.
   242 | D        | Found a shadowy altar of Dithmenos.
   242 | D        | Found a white marble altar of Elyvilon.
   242 | D        | Found a blossoming altar of Fedhas.
   242 | D        | Found an opulent altar of Gozag.
   243 | D        | Found a hazy altar of Hepliaklqana.
   244 | D        | Found a viscous altar of Jiyva.
   245 | D        | Found an ancient bone altar of Kikubaaqudgha.
   246 | D        | Found a corrupted altar of Lugonu.
   247 | D        | Found a burning altar of Makhleb.
   248 | D        | Found a sparkling altar of Nemelex Xobeh.
   249 | D        | Found an iron altar of Okawaru.
   250 | D        | Found a stormy altar of Qazlal.
   251 | D        | Found a sacrificial altar of Ru.
   252 | D        | Found a deep blue altar of Sif Muna.
   253 | D        | Found a bloodstained altar of Trog.
   254 | D        | Found a hide-covered altar of Uskayaw.
   255 | D        | Found a radiant altar of Vehumet.
   256 | D        | Found a shimmering altar of Xom.
   257 | D        | Found a basalt altar of Yredelemnul.
   258 | D        | Found a glowing silver altar of Zin.
   259 | D        | Found a glowing golden altar of the Shining One.
   297 | D        | Noticed an orc warrior
   297 | D        | Noticed a sky beast
   299 | D        | Killed a sky beast
   299 | D        | Reached skill level 11 in Maces & Flails
   302 | D        | Reached **** piety under Trog
   302 | D        | Reached XP level 6. HP: 59/59 MP: 5/5
   308 | D        | Reached ***** piety under Trog
   308 | D        | Reached skill level 12 in Maces & Flails
   314 | D        | Killed an orc warrior
   619 | D        | Noticed a rakshasa
   619 | D        | Noticed a spriggan
   626 | D        | Reached skill level 13 in Maces & Flails
   635 | D        | Killed a spriggan
   635 | D        | Reached skill level 14 in Maces & Flails
   635 | D        | Reached XP level 7. HP: 32/66 MP: 6/6
   653 | D        | Received a gift from Trog
   657 | D        | Mangled by a rakshasa

Vault maps used:
D:        linesprint

Skill      XL: |  1  2  3  4  5  6 |
---------------+-------------------+-----
Maces & Flails | 8 10 11 14 | 14.4
Fighting       | |  2.4
Dodging        | |  2.4

Action                   |  1- 3 |  4- 6 |  7- 9 || total
-------------------------+-------+-------+-------++-------
Melee: Mace              |    25 |    18 |       ||    43
       Dire flail        |       |    28 |    16 ||    44
Invok: Trog's Hand       |     1 |     4 |     1 ||     6
       Berserk           |     1 |       |       ||     1
  Use: Potion            |     1 |       |     3 ||     4
 Stab: Invisible         |       |       |     2 ||     2
  Eat: Chunk             |       |     5 |       ||     5
Armor: Animal skin       |     7 |     5 |     5 ||    17
Dodge: Dodged            |    14 |    19 |     8 ||    41
